 Dungeon Crawl Stone Soup version 0.29-a0-322-g68df515428 (webtiles) character file.

Game seed: 11007770843928935765

452 sanka the Insei (level 7, -9/59 HPs)
             Began as a Gnoll Monk on Apr 9, 2022.
             Mangled by an acid dragon (10 damage)
             ... on level 5 of the Dungeon.
             The game lasted 00:04:13 (4255 turns).

sanka the Insei (Gnoll Monk)                        Turns: 4255, Time: 00:04:13

Health: -9/59      AC:  0    Str: 11    XL:     7   Next: 4%
Magic:  0/10       EV: 15    Int:  9    God:
Gold:   238        SH:  0    Dex: 16    Spells: 10/10 levels left

rFire   . . .      SeeInvis .     - Unarmed
rCold   . . .      Faith    .   (no shield)
rNeg    + . .      Spirit   +   a - +0 robe
rPois   .          Reflect  .   (no helmet)
rElec   .          Harm     .   v - +0 cloak
rCorr   .          Rampage  .   u - +0 pair of gloves
Will    +....                   (no boots)
Stlth   +++.......              j - amulet of guardian spirit
HPRegen 0.19/turn               h - ring of positive energy
MPRegen 0.12/turn               f - ring of willpower

@: corroded
A: fangs 1, strong nose, distributed training
a: no special abilities


You were on level 5 of the Dungeon.
You visited 1 branch of the dungeon, and saw 5 of its levels.

You collected 238 gold pieces.


Innate Abilities, Weirdness & Mutations

You have very sharp teeth.
Your uncanny sense of smell can sniff out nearby items.
Your experience applies equally to all skills.


   Skills:
 + Level 6.9 Fighting
 + Level 2.2 Short Blades
 + Level 2.2 Long Blades
 + Level 2.2 Axes
 + Level 2.2 Maces & Flails
 + Level 2.2 Polearms
 + Level 2.2 Staves
 + Level 2.2 Slings
 + Level 2.2 Bows
 + Level 2.2 Crossbows
 + Level 2.2 Throwing
 + Level 2.2 Armour
 + Level 6.9 Dodging
 + Level 4.7 Stealth
 + Level 2.2 Shields
 + Level 6.9 Unarmed Combat
 + Level 2.2 Spellcasting
 + Level 1.8 Conjurations
 + Level 1.8 Hexes
 + Level 1.8 Summonings
 + Level 1.8 Necromancy
 + Level 1.8 Translocations
 + Level 1.8 Transmutations
 + Level 1.8 Fire Magic
 + Level 1.8 Ice Magic
 + Level 1.8 Air Magic
 + Level 1.8 Earth Magic
 + Level 1.8 Poison Magic
 + Level 2.4 Invocations
 + Level 2.2 Evocations


You had 10 spell levels left.
You didn't know any spells.
Your spell library contained the following spells:

 Spells                   Type           Power      Damage    Failure   Level
 Airstrike                Air            2%         N/A       83%         4
 Summon Lightning Spire   Summ/Air       4%         N/A       83%         4
 Lightning Bolt           Conj/Air       2%         1d13      99%         5

Inventory:

Hand Weapons
 E - a +2 dagger of venom
Missiles
 k - 4 poisoned darts (quivered)
Armour
 a - a +0 robe (worn)
 u - a +0 pair of gloves (worn)
 v - a +0 cloak (worn)
Jewellery
 f - a ring of willpower (right hand)
 h - a ring of positive energy (left hand)
 j - an amulet of guardian spirit (around neck)
 D - an amulet of reflection
Wands
 p - a wand of digging (3)
Scrolls
 e - 2 scrolls of magic mapping {unknown}
 l - 2 scrolls of noise {unknown}
 m - a scroll of vulnerability {unknown}
 n - 2 scrolls of holy word {unknown}
 q - a scroll of amnesia {unknown}
 s - 2 scrolls of identify {unknown}
 x - a scroll of enchant armour {unknown}
 y - a scroll of fog {unknown}
 z - a scroll of enchant weapon {unknown}
 A - a scroll of teleportation {unknown}
 C - a scroll of fear {unknown}
 F - a scroll of brand weapon {unknown}
Potions
 c - a potion of attraction {unknown}
 d - 2 potions of curing {unknown}
 g - a potion of degeneration {unknown}
 i - a potion of lignification {unknown}
 o - 2 potions of brilliance {unknown}
 r - a potion of berserk rage {unknown}
 t - a potion of mutation {unknown}
 w - a potion of resistance {unknown}
 B - a potion of might {unknown}

Dungeon Overview and Level Annotations

Branches:
Dungeon (5/15)
 Temple: D:4-7

Altars:
Dithmenos
Trog
Xom

.........▒ ▒.▒▒▒▒▒▒
▒▒▒▒▒▒▒▒▒▒▒.▒ ▒.......
▒.▒▒▒▒▒▒▒.▒.▒▒▒▒▒▒▒▒▒▒
▒.....................
▒.▒▒▒▒▒▒▒▒▒.▒▒▒▒▒▒▒▒▒.
▒...........▒ ▒...
▒▒▒▒...▒▒▒▒▒▒ . ▒.▒▒
▒▒'▒▒≈(?.. .. ▒.▒▒
▒g▒≈≈..P. ▒. ▒.▒▒
▒D▒S£.≈.. ▒≈ ▒.▒▒
▒†▒S≈≈P.. ▒≈▒▒...
▒≈▒▒≈≈[P. ▒≈D▒..▒
▒▒≈▒▒▒▒▒▒▒▒ ▒≈▒▒..
▒▒≈▒▒≈?≈.. ▒..▒..
▒.▒≈≈£P≈. +▒.▒..
▒.▒S.?P.. ▒.▒..
▒.▒S≈≈≈P. ▒≈▒..


You could see an acid dragon and 2 electric eels.


Message History

The acid dragon claws you.
* * * LOW HITPOINT WARNING * * *
You hit the acid dragon but do no damage.
You punch the acid dragon.
The acid dragon is almost dead.
The acid dragon completely misses you. The acid dragon completely misses you.
You closely miss the acid dragon.
The acid dragon is almost dead.
The acid dragon barely misses you. The acid dragon claws you.
* * * LOW HITPOINT WARNING * * *
Unknown command.
You hit the acid dragon but do no damage.
Your bite misses the acid dragon.
The acid dragon is almost dead.
The acid dragon spits acid at you. The splash of acid hits you!
* * * LOW HITPOINT WARNING * * *
You hit the acid dragon but do no damage.
The acid dragon is almost dead.
You hit the acid dragon but do no damage.
Your bite misses the acid dragon.
The acid dragon is almost dead.
The acid dragon completely misses you. The acid dragon closely misses you.
You closely miss the acid dragon.
The acid dragon is almost dead.
The acid dragon bites you!
You die...

Action                   |  1- 3 |  4- 6 |  7- 9 || total
-------------------------+-------+-------+-------++-------
Melee: Unarmed           |    94 |   114 |    14 ||   222
       Punch             |     2 |     9 |     2 ||    13
       Bite              |     9 |     8 |     2 ||    19
Throw: Dart              |       |       |     1 ||     1
  Use: Potion            |       |     1 |     1 ||     2
 Stab: Sleeping          |    11 |     8 |       ||    19
Armor: Robe              |     7 |    20 |     1 ||    28
Dodge: Dodged            |    49 |    68 |    18 ||   135

Levels and vault maps discovered:
D:1:      dreamdust_arrival_sigmund_warning, layout_basic
D:2:      layout_loops_cross, basic_altar
D:3:      layout_loops_ring, trog_book, mainiacjoe_overflow_paths
D:4:      layout_basic
D:5:      cheibrodos_two_vegetables, layout_basic, nicolae_elyvilon_temple_path,
          uniq_blork_the_orc

Notes
Turn   | Place    | Note
-------+----------+-------------------------------------------
     0 | D:1      | sanka the Gnoll Monk began the quest for the Orb.
     0 | D:1      | Reached XP level 1. HP: 23/23 MP: 1/1
   151 | D:1      | Reached XP level 2. HP: 29/29 MP: 2/2
   783 | D:1      | Reached XP level 3. HP: 33/35 MP: 3/3
  1170 | D:2      | Found a shimmering altar of Xom.
  1816 | D:2      | Reached skill level 1 in Invocations
  2135 | D:3      | Found a shadowy altar of Dithmenos.
  2165 | D:3      | Reached skill level 1 in Short Blades
  2165 | D:3      | Reached skill level 1 in Long Blades
  2165 | D:3      | Reached skill level 1 in Axes
  2165 | D:3      | Reached skill level 1 in Maces & Flails
  2165 | D:3      | Reached skill level 1 in Polearms
  2165 | D:3      | Reached skill level 1 in Staves
  2165 | D:3      | Reached skill level 1 in Slings
  2165 | D:3      | Reached skill level 1 in Bows
  2165 | D:3      | Reached skill level 1 in Crossbows
  2165 | D:3      | Reached skill level 1 in Throwing
  2165 | D:3      | Reached skill level 1 in Armour
  2165 | D:3      | Reached skill level 1 in Shields
  2165 | D:3      | Reached skill level 1 in Spellcasting
  2165 | D:3      | Reached skill level 1 in Evocations
  2496 | D:3      | Reached XP level 4. HP: 41/41 MP: 5/5
  2499 | D:3      | Reached skill level 1 in Conjurations
  2499 | D:3      | Reached skill level 1 in Hexes
  2499 | D:3      | Reached skill level 1 in Summonings
  2499 | D:3      | Reached skill level 1 in Necromancy
  2499 | D:3      | Reached skill level 1 in Translocations
  2499 | D:3      | Reached skill level 1 in Transmutations
  2499 | D:3      | Reached skill level 1 in Fire Magic
  2499 | D:3      | Reached skill level 1 in Ice Magic
  2499 | D:3      | Reached skill level 1 in Air Magic
  2499 | D:3      | Reached skill level 1 in Earth Magic
  2499 | D:3      | Reached skill level 1 in Poison Magic
  2620 | D:3      | Found a bloodstained altar of Trog.
  2779 | D:4      | Noticed a necrophage
  2784 | D:4      | Killed a necrophage
  2785 | D:4      | Reached XP level 5. HP: 45/47 MP: 5/7
  2969 | D:4      | Noticed a black bear
  2994 | D:4      | Killed a black bear
  2995 | D:4      | Reached skill level 2 in Invocations
  2995 | D:4      | Reached XP level 6. HP: 43/53 MP: 8/8
  3266 | D:4      | Reached skill level 2 in Short Blades
  3266 | D:4      | Reached skill level 2 in Long Blades
  3266 | D:4      | Reached skill level 2 in Axes
  3266 | D:4      | Reached skill level 2 in Maces & Flails
  3266 | D:4      | Reached skill level 2 in Polearms
  3266 | D:4      | Reached skill level 2 in Staves
  3266 | D:4      | Reached skill level 2 in Slings
  3266 | D:4      | Reached skill level 2 in Bows
  3266 | D:4      | Reached skill level 2 in Crossbows
  3266 | D:4      | Reached skill level 2 in Throwing
  3266 | D:4      | Reached skill level 2 in Armour
  3266 | D:4      | Reached skill level 2 in Shields
  3266 | D:4      | Reached skill level 2 in Spellcasting
  3266 | D:4      | Reached skill level 2 in Evocations
  3975 | D:5      | Entered Level 5 of the Dungeon
  4109 | D:5      | Noticed a black bear
  4127 | D:5      | Killed a black bear
  4128 | D:5      | Reached XP level 7. HP: 47/59 MP: 7/10
  4252 | D:5      | HP: 1/59 [acid dragon/splash of acid (10)]
  4255 | D:5      | Mangled by an acid dragon

Vanquished Creatures
  2 black bears
  A necrophage (D:4)
  An orc priest (D:3)
  2 jellies (D:4)
  3 adders
  A white imp (D:5)
  An ufetubus (D:4)
  3 worms
  2 dart slugs
  10 orcs
  4 ball pythons
  3 bats (D:1)
  5 endoplasms
  5 giant cockroaches
  5 hobgoblins
  6 kobolds
  6 frilled lizards
  6 goblins
  3 rats
69 creatures vanquished.

Vanquished Creatures (others)
  3 plants (D:5)
3 creatures vanquished.

Grand Total: 72 creatures vanquished
